 Dungeon Crawl Stone Soup version 0.25-a0-651-g8c222c7a2b (webtiles) character file.

Game seed: 1855572929582120643, levelgen mode: deterministic

346 Kohma the Cutter (level 6, -1/44 HPs)
             Began as a Demonspawn Earth Elementalist on Mar 22, 2020.
             Killed from afar by an orc wizard (4 damage)
             ... with a magic dart
             ... on level 3 of the Dungeon.
             The game lasted 00:14:59 (5188 turns).

Kohma the Cutter (Demonspawn Earth Elementalist)    Turns: 5188, Time: 00:15:00

Health: -1/44      AC:  5    Str:  9    XL:     6   Next: 32%
Magic:  1/9        EV: 14    Int: 18    God:
Gold:   196        SH:  0    Dex: 13    Spells: 3/9 levels left

rFire    . . .     SeeInvis .   s - +1 dagger (venom)
rCold    . . .     Gourm    .   (no shield)
rNeg     . . .     Faith    .   u - +2 robe {MR+}
rPois    .         Spirit   .   t - +0 helmet (curse)
rElec    .         Reflect  .   (no cloak)
rCorr    .         Harm     .   (no gloves)
MR       +....                  (no boots)
Stlth    ++++......             (no amulet)
HPRegen  0.14/turn              (no ring)
MPRegen  0.11/turn              (no ring)

@: very slightly contaminated
A: repulsion field 1, nightstalker 2, rot immunity
a: no special abilities


You were on level 3 of the Dungeon.
You were hungry.

You visited 1 branch of the dungeon, and saw 4 of its levels.

You collected 196 gold pieces.

Inventory:

Hand Weapons
 s - a +1 dagger of venom (weapon)
Missiles
 o - a throwing net (quivered)
 r - 29 poisoned darts
Armour
 t - a cursed +0 helmet (worn)
 u - a +2 robe of magic resistance (worn)
Jewellery
 m - an uncursed amulet of regeneration {unknown}
Wands
 n - a wand of flame (8)
Scrolls
 a - 2 scrolls of fog {unknown}
 e - 6 scrolls of identify {unknown}
 g - a scroll of amnesia {unknown}
 h - 4 scrolls of teleportation {unknown}
 j - 2 scrolls of enchant armour {unknown}
 k - a scroll of remove curse {unknown}
 l - a scroll of noise {unknown}
 p - 3 scrolls of magic mapping {unknown}
 q - a scroll of fear {unknown}
 v - a scroll of immolation {unknown}
Potions
 b - a potion of degeneration {unknown}
 c - a potion of stabbing {unknown}
 f - 3 potions of mutation {unknown}
 i - a potion of cancellation {unknown}
Comestibles
 d - 4 rations
 w - a chunk of flesh


   Skills:
 - Level 2.1 Fighting
 - Level 4.0 Short Blades
 - Level 2.0 Dodging
 + Level 3.2 Stealth
 - Level 2.0 Spellcasting
 + Level 1.3 Transmutations
 + Level 3.2 Earth Magic


You had 3 spell levels left.
You knew the following spells:

 Your Spells              Type           Power        Failure   Level  Hunger
a - Sandblast             Erth           ##....       4%          1    #......
b - Passwall              Tmut/Erth      ##......     11%         2    ###....
c - Stone Arrow           Conj/Erth      #.....       28%         3    ###....

Your spell library contained the following spells:

 Spells                   Type           Power        Failure   Level  Hunger
 Petrify                  Tmut/Erth      ##......     56%         4    #####..
 Lee's Rapid Deconstruct  Erth           ##........   80%         5    ######.


Dungeon Overview and Level Annotations

Branches:
Dungeon (4/15)
 Temple: D:4-7

Altars:
Nemelex Xobeh

Annotations:
D:3 1 runed translucent door, Crazy Yiuf, Sigmund


Innate Abilities, Weirdness & Mutations

You are surrounded by a mild repulsion field. (EV +2)
You are significantly more attuned to the shadows.
You are immune to rotting.


Message History

You resist with some effort.
The orc wizard hits you but does no damage.
You barely miss the orc priest.
The orc priest is heavily wounded.
The orc priest misses you.
The orc wizard casts a spell.
The orc wizard blinks!
You barely miss the orc priest.
The orc priest is heavily wounded.
The orc priest hits you.
You hit the orc priest.
The orc priest looks even sicker.
The orc priest is severely wounded.
You barely miss the orc priest.
The orc priest is severely wounded.
The orc priest mumbles some strange prayers to Beogh against you.
Beogh smites you!
* * * LOW HITPOINT WARNING * * *
The orc wizard gestures at you while chanting.
The magic dart hits you.
You die...

#.......#.....###.
#.#######.....###.
#.# ####...... #.#
###########. #.#
#.....###### #.#
#........# # #.#
#..##.##.# #o#
#.....##.###
#@#####...#....[..
#.รท...o...#.##.###
#######.....##.#
##.......#
#########


You could see an orc priest and an orc wizard.

Vanquished Creatures
  An orc priest (D:3)
  Jessica (D:3)
  Robin (D:3)
  8 gnolls
  6 adders
  A shadow imp (D:3)
  An ooze (D:2)
  2 worms
  3 dart slugs
  3 leopard geckos
  10 orcs (D:3)
  6 ball pythons
  7 bats
  2 giant cockroaches
  19 goblins
  12 hobgoblins
  7 jackals (D:1)
  3 quokkas
  8 frilled lizards
  8 kobolds
  5 rats
114 creatures vanquished.

Notes
Turn   | Place    | Note
-------+----------+-------------------------------------------
     0 | D:1      | Kohma the Demonspawn Earth Elementalist began the quest for
                  | the Orb.
     0 | D:1      | Reached XP level 1. HP: 13/13 MP: 3/3
   479 | D:1      | Gained mutation: You are slightly more attuned to the
                  | shadows. [demonic ancestry]
   479 | D:1      | Reached XP level 2. HP: 19/20 MP: 3/5
   598 | D:1      | Learned a level 2 spell: Passwall
   683 | D:1      | Reached skill level 1 in Fighting
  1070 | D:1      | Gained mutation: You are surrounded by a mild repulsion
                  | field. (EV +2) [demonic ancestry]
  1070 | D:1      | Reached XP level 3. HP: 24/26 MP: 4/6
  1947 | D:2      | Gained mutation: You are immune to rotting. [demonic
                  | ancestry]
  1947 | D:2      | Reached XP level 4. HP: 33/33 MP: 2/7
  1952 | D:2      | Reached skill level 1 in Transmutations
  2054 | D:2      | Found a sparkling altar of Nemelex Xobeh.
  2062 | D:2      | Reached skill level 1 in Short Blades
  2560 | D:2      | Reached skill level 2 in Short Blades
  2832 | D:3      | Noticed Sigmund
  2843 | D:2      | Gained mutation: You are significantly more attuned to the
                  | shadows. [demonic ancestry]
  2843 | D:2      | Reached XP level 5. HP: 13/38 MP: 3/8
  3264 | D:3      | Noticed Robin
  3270 | D:3      | Killed Robin
  3445 | D:3      | Noticed Jessica
  3458 | D:3      | Killed Jessica
  3458 | D:3      | Reached skill level 3 in Short Blades
  3967 | D:3      | Reached XP level 6. HP: 22/44 MP: 9/9
  3968 | D:3      | Reached skill level 4 in Short Blades
  4203 | D:3      | Found a runed translucent door.
  4205 | D:3      | Noticed Crazy Yiuf
  4601 | D:3      | Learned a level 3 spell: Stone Arrow
  5188 | D:3      | Killed from afar by an orc wizard

Levels and vault maps discovered:
D:1:      mrwooster_arrival_statue, layout_loops_ring,
          corexii_item_surrounded_by_moat, minmay_shallow_snake_nest
D:2:      layout_loops_ring, first_ration, kennysheep_nondescript,
          nemelex_diamond_rough_becter
D:3:      layout_loops_cross, wad_orctagon, uniq_crazy_yiuf_cottage,
          uniq_sigmund, uniq_jessica, uniq_robin
D:4:      layout_rooms, minmay_box_of_dots

Skill      XL: |  1  2  3  4  5  6 |
---------------+-------------------+-----
Dodging        | 2 |  2.0
Stealth        | 2 3 |  3.2
Fighting       | 1 2 |  2.1
Earth Magic    | 3 |  3.2
Transmutations | 1 |  1.3
Short Blades   | 2 3 4 |  4.0
Spellcasting   | |  2.0

Action                   |  1- 3 |  4- 6 || total
-------------------------+-------+-------++-------
Melee: Unarmed           |     5 |       ||     5
       Dagger            |    49 |   129 ||   178
 Cast: Sandblast         |    52 |    77 ||   129
       Stone Arrow       |       |     9 ||     9
 Stab: Sleeping          |     4 |     5 ||     9
  Eat: Chunk             |     4 |    12 ||    16
Armor: Robe              |     8 |    34 ||    42
Dodge: Dodged            |    57 |   117 ||   174

Table legend:
 A = Non-vault XP
 B = Vault XP
 C = Vault XP percentage of total XP
 D = Non-vault monster count
 E = Vault monster count
 F = Vault count percentage of total count
                 A         B        C        D         E       F
            +---------+---------+-------+---------+---------+-------
      Total |     408 |      87 |  17.6 |      96 |      18 |  15.8
            +---------+---------+-------+---------+---------+-------
        D:1 |      58 |       3 |   4.9 |      33 |       2 |   5.7
        D:2 |     139 |       0 |   0.0 |      31 |       0 |   0.0
        D:3 |     211 |      84 |  28.5 |      32 |      16 |  33.3
            +---------+---------+-------+---------+---------+-------
